 Dungeon Crawl Stone Soup version 0.25-a0-316-gd28d56f9c5 (webtiles) character file.

Game seed: 5259804028935544416, levelgen mode: deterministic

154 Lanoc the Shooter (level 5, -3/41 (42) HPs)
             Began as a Ghoul Arcane Marksman on Dec 25, 2019.
             Was an Initiate of Okawaru.
             Slain by an iguana (12 damage)
             ... on level 4 of the Dungeon.
             The game lasted 00:05:08 (1942 turns).

Lanoc the Shooter (Ghoul Arcane Marksman)           Turns: 1942, Time: 00:05:09

HP:   -3/41 (42)    AC:  3    Str: 14    XL:     5   Next: 36%
MP:   4/5           EV: 12    Int:  8    God:    Okawaru [......]
Gold: 190           SH:  0    Dex: 10    Spells: 3/6 levels left

rFire    . . .     SeeInvis .   b - +1 dagger (venom)
rCold    + . .     Gourm    .   (no shield)
rNeg     + + +     Faith    .   e - +1 robe
rPois    ∞         Spirit   .   (no helmet)
rElec    .         Reflect  .   (no cloak)
rCorr    .         Harm     .   (no gloves)
MR       .....                  (no boots)
Stlth    +.........             (no amulet)
HPRegen  0.00/turn              (no ring)
MPRegen  0.09/turn              (no ring)

@: rotting
A: rotting body, claws 1, carnivore, cold resistance 1, negative energy
resistance 3, inhibited regeneration, torment resistance, unbreathing
a: Renounce Religion


You were on level 4 of the Dungeon.
You worshipped Okawaru.
Okawaru was noncommittal.
You were not hungry.

You visited 1 branch of the dungeon, and saw 4 of its levels.

You collected 190 gold pieces.

Inventory:

Hand Weapons
 a - a +0 shortbow
 b - a +1 dagger of venom (weapon)
Missiles
 d - 7 arrows
Armour
 e - a +1 robe (worn)
Scrolls
 g - 3 scrolls of identify
 n - a scroll of enchant armour
Potions
 c - a potion of flight {unknown}
 h - a potion of mutation {unknown}
 i - 2 potions of curing {unknown}
 j - a potion of might {unknown}
 l - 2 potions of resistance {unknown}
 m - a potion of degeneration {unknown}
 o - 2 potions of lignification {unknown}
 p - a potion of heal wounds
Comestibles
 f - 5 rations


   Skills:
 + Level 2.7 Fighting
 * Level 3.5 Bows
 + Level 2.7 Dodging
 - Level 1.0 Spellcasting
 * Level 2.6 Hexes


You had 3 spell levels left.
You knew the following spells:

 Your Spells              Type           Power        Failure   Level  Hunger
a - Corona                Hex            #......      13%         1    ##.....
b - Ensorcelled Hibernat  Hex/Ice        #.....       34%         2    ###....

Your spell library contained the following spells:

 Spells                   Type           Power        Failure   Level  Hunger
 Slow                     Hex            #.......     21%         2    ###....
 Confuse                  Hex            #.......     36%         3    ####...
 Tukima's Dance           Hex            #.......     36%         3    ####...
 Dazzling Flash           Conj/Hex       #.....       56%         3    ####...
 Inner Flame              Hex/Fire       #.......     56%         3    ####...
 Portal Projectile        Hex/Tloc       #.....       56%         3    ####...
 Cause Fear               Hex            #.........   78%         4    #####..
 Leda's Liquefaction      Hex/Erth       #.........   92%         4    #####..


Dungeon Overview and Level Annotations

Branches:
Dungeon (4/15)
 Temple: D:4-7

Altars:
Cheibriados
Dithmenos
Okawaru


Innate Abilities, Weirdness & Mutations

Your body is rotting away.
You thrive on raw meat.
You are immune to poison.
You have sharp fingernails.
You are carnivorous and can eat meat at any time.
Your flesh is cold resistant. (rC+)
You are immune to negative energy. (rN+++)
You do not regenerate when monsters are visible.
You are immune to unholy pain and torment.
You can survive without breathing.


Message History

An iguana comes into view.
The iguana hisses angrily.
You are too injured to fight recklessly!
Casting: Corona (safe; 13% risk of failure)
Confirm with . or Enter, or press ? or * to list all spells.
Aiming: Corona (safe; 13% risk of failure)
Press: ? - help, Shift-Dir - straight line, f - iguana
Aim: an iguana (chance to defeat MR: 47%)
The iguana is outlined in light.
You hit the iguana but do no damage.
The iguana is poisoned.
The iguana bites you.
* * * LOW HITPOINT WARNING * * *
You hit the iguana.
The iguana looks as sick as possible!
The iguana is moderately wounded.
The iguana bites you.
* * * LOW HITPOINT WARNING * * *
You hit the iguana but do no damage.
The iguana is heavily wounded.
The iguana bites you!
You die...

#.# #.. #.#
#<# #.# #.#
#.# #.# #.#
#.# ##.###.#
#.####...##.#
#...........#
######...####
##.######.##
#..@l......
#.######.##
#.# #.# #..
###


You could see an iguana.

Vanquished Creatures
  Jessica (D:2)
  5 adders
  An adder skeleton (D:4)
  A worm (D:2)
  3 dart slugs
  A leopard gecko (D:1)
  2 orcs (D:3)
  11 bats
  A giant cockroach (D:1)
  9 goblins
  9 hobgoblins
  5 jackals
  6 frilled lizards
  6 kobolds
  7 rats
68 creatures vanquished.

Notes
Turn   | Place    | Note
-------+----------+-------------------------------------------
     0 | D:1      | Lanoc the Ghoul Arcane Marksman began the quest for the
                  | Orb.
     0 | D:1      | Reached XP level 1. HP: 16/16 MP: 1/1
    16 | D:1      | Reached skill level 2 in Bows
   115 | D:1      | Reached XP level 2. HP: 23/23 MP: 2/2
   376 | D:1      | Reached XP level 3. HP: 24/29 MP: 3/3
   657 | D:2      | Noticed Jessica
   663 | D:2      | Killed Jessica
   663 | D:2      | Reached skill level 3 in Bows
   663 | D:2      | Reached XP level 4. HP: 33/36 MP: 4/4
   971 | D:2      | Found a snail-covered altar of Cheibriados.
  1117 | D:2      | Found an iron altar of Okawaru.
  1125 | D:2      | Reached XP level 5. HP: 42/42 MP: 5/5
  1133 | D:2      | Became a worshipper of Warmaster Okawaru
  1545 | D:3      | Found a shadowy altar of Dithmenos.
  1851 | D:3      | Noticed a phantom
  1930 | D:4      | Learned a level 2 spell: Ensorcelled Hibernation
  1942 | D:4      | Slain by an iguana

Levels and vault maps discovered:
D:1:      minmay_arrival_checkered_box, layout_rooms, minmay_tripent
D:2:      minmay_alternating_diamond, layout_loops_ring, okawaru_gym_becter,
          kennysheep_slug_shrine, uniq_jessica
D:3:      minmay_inner_zag, layout_basic, general_overflow_altar,
          nicolae_dithmenos_shadow_blocks, first_ration, roderic_lattice_a
D:4:      kennysheep_six_static_rooms, layout_loops_ring, lemuel_round_altar,
          ebering_ghost_inner_flame, minmay_rat_hole

Skill      XL: |  1  2  3 |
---------------+----------+-----
Bows           | 2 3 |  3.5
Dodging        | 2 |  2.7
Fighting       | 2 |  2.7
Spellcasting   | |  1.0
Hexes          | |  2.6

Action                   |  1- 3 |  4- 6 || total
-------------------------+-------+-------++-------
Melee: Dagger            |       |    49 ||    49
 Fire: Shortbow          |   101 |   122 ||   223
 Cast: Corona            |       |     5 ||     5
  Use: Scroll            |       |     4 ||     4
  Eat: Chunk             |     2 |     3 ||     5
Armor: Robe              |    20 |    17 ||    37
Dodge: Dodged            |    47 |    72 ||   119

Table legend:
 A = Non-vault XP
 B = Vault XP
 C = Vault XP percentage of total XP
 D = Non-vault monster count
 E = Vault monster count
 F = Vault count percentage of total count
                 A         B        C        D         E       F
            +---------+---------+-------+---------+---------+-------
      Total |     153 |      68 |  30.8 |      58 |      10 |  14.7
            +---------+---------+-------+---------+---------+-------
        D:1 |      45 |       4 |   8.2 |      26 |       2 |   7.1
        D:2 |      75 |      62 |  45.3 |      22 |       7 |  24.1
        D:3 |      28 |       2 |   6.7 |       9 |       1 |  10.0
        D:4 |       5 |       0 |   0.0 |       1 |       0 |   0.0
            +---------+---------+-------+---------+---------+-------
